 Dungeon Crawl Stone Soup version 0.30.1-3-gfc49f6343a (webtiles) character file.

Game seed: 272449439716374126

1689 spardeous the Destroyer (level 8, -11/57 HPs)
             Began as a Demigod Conjurer on July 31, 2023.
             Killed by vampiric draining
             ... invoked by a vampire
              (13 damage)
             ... on level 6 of the Dungeon.
             The game lasted 00:06:53 (6587 turns).

spardeous the Destroyer (Demigod Conjurer)          Turns: 6587, Time: 00:06:54

Health: -11/57     AC:  6    Str:  8    XL:     8   Next: 43%
Magic:  19/31      EV: 10    Int: 28    God:
Gold:   298        SH:  8    Dex: 12    Spells: 17/20 levels left

rFire   . . .        i - +0 dagger (venom)
rCold   + . .        p - +0 buckler
rNeg    . . .        l - +2 leather armour {rC+}
rPois   .            (no helmet)
rElec   .            (no cloak)
rCorr   .            A - +0 pair of gloves
SInv    .            (no boots)
Will    .....        s - amulet of reflection
Stlth   ++           F - ring of magical power
HPRegen 0.29/turn    (no ring)
MPRegen 0.22/turn

%: reflection
@: no status effects
A: high MP 1, forlorn, divine attributes
a: no special abilities


You were on level 6 of the Dungeon.
You visited 1 branch of the dungeon, and saw 6 of its levels.

You collected 298 gold pieces.

Inventory:

Hand Weapons
 i - a +0 dagger of venom (weapon)
 H - a +2 battleaxe of distortion
Armour
 a - a +0 robe
 l - a +2 leather armour of cold resistance (worn)
 p - a +0 buckler (worn)
 A - a +0 pair of gloves (worn)
Magical Staves
 m - a staff of fire
Jewellery
 s - an amulet of reflection (around neck)
 w - an amulet of the acrobat
 F - a ring of magical power (left hand)
Wands
 x - a wand of flame (44)
 B - a wand of paralysis (20)
 C - a wand of mindburst (12)
 G - a wand of digging (3)
 I - a wand of polymorph (12)
Scrolls
 f - 5 scrolls of teleportation {unknown}
 g - 8 scrolls of identify {unknown}
 h - a scroll of fog {unknown}
 j - a scroll of blinking {unknown}
 n - 3 scrolls of brand weapon {unknown}
 o - a scroll of acquirement {unknown}
 y - a scroll of noise {unknown}
 z - a scroll of immolation {unknown}
 D - a scroll of magic mapping {unknown}
 E - 3 scrolls of enchant armour {unknown}
Potions
 b - a potion of magic
 c - 2 potions of haste {unknown}
 d - 2 potions of berserk rage {unknown}
 e - 3 potions of lignification {unknown}
 k - 2 potions of cancellation {unknown}
 q - 2 potions of might {unknown}
 r - a potion of heal wounds {unknown}
 t - 3 potions of flight {unknown}
 u - 2 potions of curing {unknown}
 v - 2 potions of degeneration {unknown}


   Skills:
 - Level 1.7 Dodging
 - Level 1.7 Stealth
 + Level 6.8 Spellcasting
 + Level 8.1 Conjurations


You had 17 spell levels left.
You knew the following spells:

 Your Spells              Type           Power      Damage    Failure   Level
a - Magic Dart            Conj           100%       1d8       1%          1
b - Searing Ray           Conj           100%       2d8       1%          2

Your spell library contained the following spells:

 Spells                   Type           Power      Damage    Failure   Level
 Dazzling Flash           Conj/Hex       64%        N/A       8%          3
 Ensorcelled Hibernation  Hex/Ice        18%        N/A       21%         2
 Passwall                 Tmut/Erth      7%         N/A       21%         2
 Fulminant Prism          Conj/Hex       16%        3d11      24%         4
 Iskenderun's Mystic Bla  Conj/Tloc      32%        2d8       24%         4
 Gell's Gravitas          Tloc           9%         N/A       36%         3
 Swiftness                Air            9%         N/A       36%         3
 Teleport Other           Tloc           9%         N/A       36%         3
 Dispersal                Tloc           4%         N/A       100%        6


Dungeon Overview and Level Annotations

Branches:
Dungeon (6/15)             Temple (0/1) D:4

Annotations:
D:3 6 runed translucent doors, Bronimir's ghost, amateur MiHu; Tirrikindir's ghost, amateur OpFi; TrollFarmer's ghost, amateur DsCj
D:5 3 runed translucent doors, GamesABlazin's ghost, novice DjCj; gdog's ghost, weakling GnDe


Innate Abilities, Weirdness & Mutations

You have an increased reservoir of magic. (+10% MP)
You shall have no god before yourself.
Your divine heritage dramatically boosts your attributes as you level up.


Message History

Press: ? - help, Shift-Dir - straight line The searing ray hits something! (Press . to maintain the ray.)
Something hits you. Something bites you!
Something draws strength from your injuries!
You take 11 damage, and have 27/57 hp.
You now have 24/31 mp.
Something hits you!
* * * LOW HITPOINT WARNING * * *
Something bites you!
* * * LOW HITPOINT WARNING * * *
Something draws strength from your injuries!
You take 21 damage, and have 6/57 hp.
MASSIVE DAMAGE!!
The searing ray hits something.
Something hits you but does no damage. Something bites you.
* * * LOW HITPOINT WARNING * * *
Something draws strength from your injuries!
You take 3 damage, and have 3/57 hp.
You now have 23/31 mp.
The searing ray hits something!
You finish channelling your searing ray.
Something hits you but does no damage. Something bites you but does no damage.
You now have 22/31 mp.
Casting: Searing Ray (safe; 1% risk of failure)
Confirm with . or Enter, or press ? or * to list all spells.
Okay, then.
Okay, then.
Casting: Searing Ray (safe; 1% risk of failure)
Confirm with . or Enter, or press ? or * to list all spells.
Aiming: Searing Ray (safe; 1% risk of failure)
Press: ? - help, Shift-Dir - straight line (Press . to maintain the ray.)
Something hits you but does no damage. Something bites you.
* * * LOW HITPOINT WARNING * * *
Something draws strength from your injuries!
You now have 20/31 mp.
The searing ray hits something!
Something hits you.
* * * LOW HITPOINT WARNING * * *
Something bites you but does no damage.
You take 1 damage, and have 2/57 hp.
You now have 19/31 mp.
The searing ray hits something.
Something draws life force from you!
You die...

##[####.#.#...# .#
#.....###..#.##.#
######.#<#...##.#
##.###.###.#
########.###.# #.#
..........##.# #.#
########..##.###.#
#.............#
#.##.########@#
#.#...........#
#.#..########.#
#.#..# #.# #.#..#
#.# #.#..## #.#
#.#...# #.#
####.....# ).#
..##..#..#


There were no monsters in sight!

Vanquished Creatures
  2 water moccasins (D:5)
  An ice beast (D:5)
  2 ogres (D:5)
  A black bear (D:5)
  2 centaurs (D:5)
  Blork the orc (D:6)
  4 scorpions
  4 hounds
  A jelly (D:5)
  2 orc priests
  3 iguanas
  A sleepcap (D:5)
  2 orc wizards (D:5)
  A hound zombie (D:3)
  3 gnolls (D:5)
  11 adders
  A shadow imp (D:5)
  A white imp (D:6)
  An ufetubus (D:5)
  2 worms (D:2)
  2 dart slugs
  15 orcs
  6 endoplasms
  2 giant cockroaches
  10 goblins
  11 hobgoblins
  12 jackals
  8 quokkas
  10 ball pythons
  4 bats
  5 frilled lizards
  A jackal zombie (D:3)
  3 kobolds
  3 rats
138 creatures vanquished.

Notes
Turn   | Place    | Note
-------+----------+-------------------------------------------
     0 | D:1      | spardeous the Demigod Conjurer began the quest for the Orb.
     0 | D:1      | Reached XP level 1. HP: 14/14 MP: 5/5
   391 | D:1      | Reached XP level 2. HP: 20/20 MP: 3/7
   672 | D:1      | Reached skill level 4 in Conjurations
  1039 | D:2      | Reached XP level 3. HP: 26/26 MP: 2/9
  1042 | D:2      | Learned a level 2 spell: Searing Ray
  1931 | D:3      | Reached XP level 4. HP: 18/33 MP: 0/11
  2466 | D:3      | Reached skill level 5 in Conjurations
  2466 | D:3      | Reached XP level 5. HP: 32/38 MP: 1/13
  2647 | D:3      | Found a runed translucent gate.
  2647 | D:3      | Found a runed translucent gate.
  2647 | D:3      | Found a runed translucent gate.
  2647 | D:3      | Noticed Tirrikindir's ghost (amateur OpFi)
  2731 | D:3      | Found a runed translucent gate.
  2731 | D:3      | Found a runed translucent gate.
  2731 | D:3      | Found a runed translucent gate.
  2733 | D:3      | Noticed TrollFarmer's ghost (amateur DsCj)
  2733 | D:3      | Noticed Bronimir's ghost (amateur MiHu)
  3528 | D:4      | Found a staircase to the Ecumenical Temple.
  4010 | D:4      | Reached XP level 6. HP: 45/45 MP: 12/15
  4537 | D:5      | Entered Level 5 of the Dungeon
  4652 | D:5      | Noticed a water moccasin
  4659 | D:5      | Killed a water moccasin
  4660 | D:5      | Reached skill level 6 in Conjurations
  4853 | D:5      | Reached skill level 5 in Spellcasting
  4853 | D:5      | Reached XP level 7. HP: 23/50 MP: 18/18
  5488 | D:5      | Reached skill level 7 in Conjurations
  5734 | D:5      | Reached XP level 8. HP: 30/57 MP: 19/20
  6108 | D:5      | Found a runed translucent gate.
  6108 | D:5      | Found a runed translucent gate.
  6108 | D:5      | Found a runed translucent gate.
  6109 | D:5      | Noticed GamesABlazin's ghost (novice DjCj)
  6110 | D:5      | Noticed gdog's ghost (weakling GnDe)
  6297 | D:6      | Reached skill level 8 in Conjurations
  6396 | D:6      | Noticed Blork the orc
  6413 | D:6      | Killed Blork the orc
  6586 | D:6      | HP: 2/57 [something (1)]
  6587 | D:6      | Killed from afar by a vampire

Illustrated notes

Levels and vault maps discovered:
D:1:      lemuel_arrival_cross, layout_basic, chequers_ecumenical_altar_island
D:2:      layout_rooms, basic_altar, minmay_pentomino_o4
D:3:      kennysheep_six_static_rooms, layout_loops_ring,
          nicolae_yredelemnul_ghost_church, gammafunk_ghost_cemetery
D:4:      layout_layer_cave, minmay_temple_entry_butterflies
D:5:      cheibrodos_barr_body, layout_gridville, gammafunk_ghost_cemetery
D:6:      layout_loops_ring, water_boxes_lemuel, uniq_sigmund,
          uniq_blork_the_orc

Skill      XL: |  1  2  3  4  5  6  7  8 |
---------------+-------------------------+-----
Spellcasting   | 2 3 4 5 6 |  6.8
Conjurations   | 4 5 6 7 8 |  8.1
Dodging        | |  1.7
Stealth        | |  1.7

Action                     |  1- 3 |  4- 6 |  7- 9 || total
---------------------------+-------+-------+-------++-------
  Melee: Dagger            |    12 |     4 |       ||    16
         Unarmed           |     1 |       |       ||     1
   Cast: Magic Dart        |    90 |   116 |    38 ||   244
         Searing Ray       |     3 |    12 |    24 ||    39
 Armour: Robe              |     3 |       |       ||     3
         Leather armour    |     4 |     2 |    18 ||    24
  Dodge: Dodged            |    25 |    17 |    25 ||    67
  Block: Buckler           |     1 |     8 |    18 ||    27
         Reflection        |       |       |     2 ||     2
